Map: Oceanborn LE

Players

Barcood - Winner!

  • Race: Protoss Protoss
  • League: Diamond
  • Spawn Location: 11:00

Aldarius

  • Race: Protoss Protoss
  • League: Diamond
  • Spawn Location: 5:00

VOD

Have the link to the VOD?

Description

Time

  • Played on: March 1, 2024, 9:18 p.m.
  • Length: 8:07
Show
View Real Time Build Order
Export as new Build Order

Barcood Protoss - Winner!

Build Orders: 1 Gate Expand 

Get SALT Encoding   

  12  0:04  Probe  
  13  0:16  Probe  
  13  0:17  Pylon  
  14  0:32  Probe  
  15  0:37  Gateway  
  15  0:44  Probe  
  15  0:46  Assimilator  
  16  0:56  Probe  
  17  1:10  Probe  
  18  1:22  Probe  
  19  1:26  Assimilator  
  19  1:34  Probe  
  20  1:42  Nexus  
  20  1:49  Pylon  
  20  2:01  Gateway  
  20  2:05  Cybernetics Core  
  20  2:17  Pylon  
  20  2:24  Probe  
  20  2:27  Assimilator  
  21  2:32  Warp Gate  
  21  2:36  Gateway, Probe  
  22  2:46  Robotics Facility  
  22  2:55  Stalker (Chrono Boost)  
  24  3:00  Stalker (Chrono Boost)  
  26  3:12  Probe  
  27  3:13  Pylon  
  27  3:23  Sentry (Chrono Boost)  
  31  3:28  Stalker (Chrono Boost)  
  31  3:29  Zealot (Chrono Boost)  
  33  3:44  Immortal (Chrono Boost)  
  37  3:55  Stalker  
  39  4:08  Adept  
  41  4:14  Warp Prism (Chrono Boost)  
  43  4:30  Pylon  
  41  5:08  Immortal  
  41  5:09  Stalker  
  41  5:10  Stalker x2  
  47  5:38  Probe x2  
  47  5:41  Stalker  
  51  5:43  Sentry  
  53  5:50  Stalker  
  47  6:27  Stalker x2  
  47  6:28  Stalker  
Show
View Real Time Build Order
Export as new Build Order

Aldarius Protoss 

Build Orders: 1 Gate Expand 

Get SALT Encoding   

  12  0:00  Probe  
  13  0:12  Probe  
  14  0:21  Pylon  
  14  0:25  Probe (Chrono Boost)  
  15  0:40  Probe (Chrono Boost)  
  16  0:44  Gateway  
  16  0:47  Probe (Chrono Boost)  
  17  0:51  Assimilator  
  17  0:54  Probe  
  18  1:07  Probe  
  19  1:21  Probe  
  20  1:33  Cybernetics Core  
  20  1:43  Nexus  
  20  1:58  Probe  
  21  2:07  Stalker (Chrono Boost)  
  21  2:11  Warp Gate  
  23  2:34  Pylon  
  23  2:52  Probe, Stalker  
  26  2:59  Assimilator  
  26  3:04  Probe  
  27  3:16  Probe  
  27  3:18  Probe  
  29  3:26  Stargate  
  29  3:28  Probe  
  29  3:30  Probe  
  29  3:31  Assimilator  
  31  3:40  Probe  
  32  3:42  Probe  
  32  3:44  Gateway  
  32  3:46  Gateway  
  33  3:50  Shield Battery  
  33  3:58  Pylon  
  33  4:00  Stalker  
  33  4:02  Probe x2  
  37  4:10  Oracle (Chrono Boost)  
  37  4:14  Probe x2  
  42  4:21  Pylon  
  42  4:26  Probe x2  
  42  4:30  Stalker  
  46  4:38  Probe  
  46  4:39  Probe  
  48  4:56  Stalker x3  
  54  5:05  Oracle  
  57  5:10  Twilight Council  
  57  5:11  Forge  
  57  5:43  Stalker x2  
  57  5:49  Assimilator  
  61  5:50  Probe, Pylon  
  61  5:56  Pylon  
  62  6:08  Phoenix  
  64  6:11  Stalker x3  
Tags
 
Add a new tag
Caveats
  • Supply blocks, unpowered buildings, or Contaminate may cause inaccurate times.
  • Supply counts are checked every 10 seconds.